 Dungeon Sprint DCSS version 0.25.1-2-g60ff931df9 (webtiles) character file.

Game seed: 12345466836181497949

112 sahdkjhfkaj the Covert (level 4, -11/21 HPs)
             Began as a Felid Fighter on Nov 6, 2020.
             Was a Follower of Okawaru.
             Killed from afar by a deep elf knight (24 damage)
             ... with a lance of force
             ... in the Dungeon (Sprint V: "Ziggurat Sprint").
             The game lasted 00:01:52 (197 turns).

sahdkjhfkaj the Covert (Felid Fighter)               Turns: 197, Time: 00:01:53

Health: -11/21     AC:  1    Str: 13    XL:     4   Next: 63%
Magic:  7/7        EV: 20    Int: 10    God:    Okawaru [*.....]
Gold:   0          SH:  0    Dex: 15    Spells: 3/3 levels left
                                        Lives:  0   Deaths: 1

rFire    . . .     SeeInvis +     - Unarmed
rCold    . . .     Gourm    .   (shield unavailable)
rNeg     . . .     Faith    .   (armour unavailable)
rPois    .         Spirit   .   (helmet unavailable)
rElec    .         Reflect  .   (cloak unavailable)
rCorr    .         Harm     .   (gloves unavailable)
MR       .....     NoTele   +   (boots unavailable)
Stlth    +++++.....             (no amulet)
HPRegen  0.07/turn              (no ring)
MPRegen  0.10/turn              (no ring)

@: studying Invocations, quick
A: very small, no armour, no weapons or thrown items, stealth, claws 1, fangs 3,
see invisible, carnivore, speed 1, shaggy fur 1, slow metabolism 1, sharp paws
a: Heroism, Renounce Religion


You were in the Dungeon.
You worshipped Okawaru.
Okawaru was aware of your devotion.
You were not hungry.

You visited 1 branch

Inventory:

Jewellery
 t - an uncursed ring of flight
 u - a +6 ring of dexterity
 v - a +6 ring of dexterity
 w - a +6 ring of intelligence
 x - a +6 ring of intelligence
 y - a +6 ring of strength
 z - a +6 ring of strength
Wands
 A - a wand of disintegration (7)
 B - a wand of iceblast (4)
 C - a wand of acid (7)
Scrolls
 h - 4 scrolls of blinking
 n - 4 scrolls of amnesia
 o - 7 scrolls of fog
 p - a scroll of holy word
 q - 5 scrolls of identify
 r - 5 scrolls of remove curse
 s - 2 scrolls of fear
Potions
 a - 6 potions of might
 c - 10 potions of curing
 d - 10 potions of heal wounds
 e - 6 potions of haste
 f - 7 potions of magic
 g - 3 potions of berserk rage
 i - 2 potions of brilliance
 j - a potion of invisibility
 k - 4 potions of resistance
 m - 4 potions of stabbing
Books
 D - a manual of Invocations
Miscellaneous
 l - a lightning rod (1/4)
Comestibles
 b - 7 rations


   Skills:
 - Level 3.0 Fighting
 - Level 5.0 Dodging
 - Level 10.4 Stealth
 - Level 10.0 Unarmed Combat
 - Level 1.0 Invocations
 + Level 3.4 Evocations


You had 3 spell levels left.
You didn't know any spells.
Your spell library contained the following spells:

 Spells                   Type           Power        Failure   Level  Hunger
 Beastly Appendage        Tmut           #.....       36%         1    ##.....
 Poisonous Vapours        Pois/Air       #.....       50%         2    ###....
 Sticks to Snakes         Tmut           #.......     50%         2    ###....
 Conjure Flame            Conj/Fire      #.......     75%         3    ####...
 Mephitic Cloud           Conj/Pois/Air  #.......     75%         3    ####...
 Spider Form              Tmut/Pois      #.........   75%         3    ####...
 Ice Form                 Ice/Tmut       #.......     98%         4    #####..
 Blade Hands              Tmut           #.........   100%        5    ######.
 Bolt of Magma            Conj/Fire/Erth #.........   100%        5    ######.
 Iskenderun's Battlesphe  Conj/Chrm      #.......     100%        5    ######.
 Freezing Cloud           Conj/Ice/Air   #.........   100%        6    #######
 Iron Shot                Conj/Erth      #.........   100%        6    #######
 Orb of Destruction       Conj           #.........   100%        7    #######
 Ring of Flames           Chrm/Fire      #.........   100%        7    #######
 Spellforged Servitor     Conj/Summ      #.........   100%        7    #######


Dungeon Overview and Level Annotations

Branches:
Dungeon (1/1)

Altars:
Ashenzari
Cheibriados
Dithmenos
Elyvilon
Fedhas
Gozag
Hepliaklqana
Kikubaaqudgha
Makhleb
Nemelex Xobeh
Okawaru
Qazlal
Ru
Sif Muna
Trog
Uskayaw
Vehumet
Wu Jian
Xom
Yredelemnul
Zin
The Shining One
Beogh
Jiyva
Lugonu

Annotations:
D 1 transporter


Innate Abilities, Weirdness & Mutations

You cannot wear armour.
You are incapable of wielding weapons or throwing items.
Your paws allow you to move quietly. (Stealth)
You have sharp claws.
You have razor-sharp teeth.
You have supernaturally acute eyesight. (SInv)
You are carnivorous and can eat meat at any time.
You cover ground quickly.
You are covered in fur. (AC +1)
You have a slow metabolism.
Your sharp claws are effective at attacking unaware monsters.


Message History

Unknown command.
Evoke which item? (* to show all) (? for menu, Esc to quit)
Aiming: Thunderbolt
Press: ? - help, Shift-Dir - straight line, f/p - deep elf knight
Aim: a deep elf knight, wielding a +0 long sword and wearing a +0 buckler (moderately wounded)
The thunderbolt hits the deep elf knight!
The deep elf knight is heavily wounded.
The deep elf knight completely misses you.
Unknown command.
Unknown command.
Evoke which item? (* to show all) (? for menu, Esc to quit)
Aiming: Thunderbolt
Press: ? - help, Shift-Dir - straight line, f/p - deep elf knight
Aim: a deep elf knight, wielding a +0 long sword and wearing a +0 buckler (heavily wounded)
The thunderbolt hits the deep elf knight!
The deep elf knight is almost dead.
The deep elf knight gestures at you while chanting.
The lance of force hits you!!
Ouch! That really hurt!
You die...

▓▓▓▓▓▓▓▓▓▓▓▓▓▓▓▓▓▓▓
▓.8©8.▓.8©8.▓.8©8.▓
▓.[|).▓...[.▓.....▓
▓..}..▓.....▓.....▓
▓.....▓.....▓.....▓
▓.eo..▓.....▓.....▓
▓.....▓.....▓..©..▓
▓..@e.▓..©..▓▓▓▓▓▓▓
▓▓▓▓▓▓▓▓▓▓▓▓▓


You could see an orc high priest and 2 deep elf knights.

Vanquished Creatures
  A fire elemental (D)
  A crimson imp (D)
  An iron imp (D)
  A shadow imp (D)
  A white imp (D)
  An ufetubus (D)
6 creatures vanquished.

Notes
Turn   | Place    | Note
-------+----------+-------------------------------------------
     0 | D        | sahdkjhfkaj the Felid Fighter began the quest for the Orb.
     0 | D        | Reached XP level 1. HP: 10/10 MP: 2/2
     0 | D        | Found a shimmering blue altar of Sif Muna.
     0 | D        | Found a sacrificial altar of Ru.
     0 | D        | Found a bloodstained altar of Trog.
     0 | D        | Found a stormy altar of Qazlal.
     0 | D        | Found an iron altar of Okawaru.
     0 | D        | Found a sparkling altar of Nemelex Xobeh.
     0 | D        | Found a blossoming altar of Fedhas.
     1 | D        | Found the +6 Majin-Bo {vamp, Archmagi MP+6 Int+6}
     1 | D        | Found the +7 great mace "Firestarter" {inner flame, rF++}
     2 | D        | Found a transporter.
     2 | D        | Found an ancient bone altar of Kikubaaqudgha.
     2 | D        | Found a viscous altar of Jiyva.
     2 | D        | Found a corrupted altar of Lugonu.
     2 | D        | Found a hazy altar of Hepliaklqana.
     2 | D        | Found a burning altar of Makhleb.
     2 | D        | Found an opulent altar of Gozag.
    36 | D        | Found the +9 heavy crossbow "Sniper" {vorpal, Acc+∞ SInv}
    36 | D        | Found the +10 dark maul {vorpal}
    36 | D        | Found the +15 Maxwell's patent armour {-Cast -Tele rElec
                  | MR+ rCorr}
    36 | D        | Found the +18 shield of the Gong {rElec rN+ MR+ EV-5}
    36 | D        | Found the cursed +14 obsidian axe {vorpal, +Fly SInv
                  | *Curse}
    37 | D        | Found the +6 shillelagh "Devastator" {shatter}
    37 | D        | Found the +11 plutonium sword {*Contam Stlth-}
    37 | D        | Found the +8 lance "Wyrmbane" {slay drac, rPois rF+ rC+
                  | AC+3}
    37 | D        | Found the +9 sword of Zonguldrok {reap}
    37 | D        | Found the cursed +13 scythe of Curses {drain, *Curse}
    37 | D        | Found the +0 sword of Power
    37 | D        | Found the +7 mace of Variability {chain chaos}
    37 | D        | Found the +7 Singing Sword {vorpal, sonic wave}
    37 | D        | Found the +8 storm bow {elec, penet}
    37 | D        | Reached skill level 10 in Stealth
    37 | D        | Reached XP level 2. HP: 14/14 MP: 3/3
    47 | D        | Became a worshipper of Warmaster Okawaru
    60 | D        | Entered arena 2.
    60 | D        | Found a transporter.
    72 | D        | Entered arena 3.
    72 | D        | Noticed a crimson imp
    72 | D        | Found a transporter.
    77 | D        | Reached skill level 5 in Unarmed Combat
    77 | D        | Reached skill level 5 in Dodging
    77 | D        | Reached skill level 1 in Evocations
    77 | D        | Reached XP level 3. HP: 17/17 MP: 4/4
    83 | D        | Reached XP level 4. HP: 20/21 MP: 5/5
    89 | D        | Entered arena 4.
    89 | D        | Noticed a deep elf knight
    89 | D        | Noticed a fire elemental
    89 | D        | Noticed an orc high priest
    89 | D        | Noticed a deep elf knight
    89 | D        | Found a transporter.
    92 | D        | Killed a fire elemental
    92 | D        | Reached * piety under Okawaru
    92 | D        | Reached skill level 10 in Unarmed Combat
    92 | D        | Reached skill level 1 in Invocations
    92 | D        | Reached XP level 5. HP: 24/24 MP: 5/8
    92 | D        | Killed from afar by a deep elf knight
    93 | D        | Reached XP level 4. HP: -23/21 MP: 5/7
   197 | D        | Killed from afar by a deep elf knight

Illustrated notes

Levels and vault maps discovered:
D:        sprint_v [room_start, room_1, room_2, room_3, room_4, room_5, room_6,
          room_7, room_8, room_9, room_10, room_11, room_12, room_13, room_14,
          room_15, room_16, room_17, room_18, room_19, room_20, room_21,
          room_22, room_23, room_24, room_25, room_26, room_27]

Skill      XL: |  1  2  3  4 |
---------------+-------------+-----
Stealth        | 10 | 10.4
Unarmed Combat | 5 7 10 | 10.0
Dodging        | 5 |  5.0
Evocations     | 1 3 |  3.4
Invocations    | 1 |  1.0
Fighting       | |  3.0

Action                   |  1- 3 |  4- 6 || total
-------------------------+-------+-------++-------
Melee: Unarmed           |     7 |       ||     7
       Bite              |     1 |       ||     1
Evoke: Lightning rod     |       |     3 ||     3
       Wand              |       |     3 ||     3
  Use: Potion            |     3 |       ||     3
 Stab: Sleeping          |     3 |       ||     3
Dodge: Dodged            |     8 |     4 ||    12
